 Dungeon Crawl Stone Soup version 0.16-a0-51-g3cd7026 (webtiles) character file.

16 HiobMontag the Sneak (level 2, 0/22 HPs)
             Began as a Naga Enchanter on Aug 6, 2014.
             Succumbed to an adder's poison
             ... on Level 2 of the Dungeon.
             The game lasted 00:09:51 (1384 turns).

HiobMontag the Sneak (Naga Enchanter)               Turns: 1384, Time: 00:09:51

HP   0/22        AC  3     Str 10      XL: 2   Next: 54%
MP   1/4         EV  7     Int 15      God:
Gold 46          SH  0     Dex 11      Spells:  2 memorised,  2 levels left

rFire  . . .     SeeInvis +     a - +1 dagger
rCold  . . .     Clarity  .     q - +0 ring mail
rNeg   . . .     rCorr    .     (no shield)
rPois  +         rRot     .     (no helmet)
rElec  .         Spirit   .     (no cloak)
SustAb .         Warding  .     (no gloves)
rMut   .         Stasis   .     (no barding)
Gourm  .                        (no amulet)
MR     .....                    (no ring)
                                (no ring)

@: lethally poisoned, very slow, not resistant to hostile enchantments,
unstealthy
A: spit poison, see invisible, deformed body, poison resistance, slowness 2
a: Spit Poison


You were on level 2 of the Dungeon.
You were not hungry.

You visited 1 branch of the dungeon, and saw 2 of its levels.

You collected 46 gold pieces.

Inventory:

Hand weapons
 a - a +1 dagger (weapon)
 e - a +0 hand axe
 f - a cursed -1 hand axe
 g - a +0 hunting sling
 h - a cursed -1 hand axe
 n - a +0 hand axe (quivered)
 s - a +0 trident
Missiles
 p - 14 sling bullets
Armour
 b - a +1 robe
 q - a +0 ring mail (worn)
Comestibles
 d - 3 bread rations
 k - a beef jerky
 o - a rotting chunk of hobgoblin flesh
Scrolls
 i - a scroll of remove curse {unknown}
 j - a scroll of teleportation {unknown}
 m - 2 scrolls of recharging {unknown}
 r - a scroll of immolation {unknown}
 u - a scroll of enchant armour {unknown}
Potions
 l - a potion of degeneration {unknown}
 t - a potion of haste {unknown}
Books
 c - a book of Maledictions

   Spells                             Type                      Level
   *Corona                            Hexes                        1
   *Sure Blade                        Hexes/Charms                 2
   Ensorcelled Hibernation            Hexes/Ice                    2
   Confuse                            Hexes                        3
   Dazzling Spray                     Conjuration/Hexes            3
   Enslavement                        Hexes                        4


   Skills:
 + Level 1.1 Short Blades
 + Level 1.7 Dodging
 + Level 4.6 Stealth
 + Level 2.2 Spellcasting
 + Level 3.3 Hexes
 + Level 0.2 Charms


You had 2 spell levels left.
You knew the following spells:

 Your Spells              Type           Power        Failure   Level  Hunger
a - Corona                Hex            ##.....      12%         1    #......
b - Sure Blade            Hex/Chrm       #.........   34%         2    ###....


Dungeon Overview and Level Annotations

Branches:
Dungeon (2/15)

Altars:


Innate Abilities, Weirdness & Mutations

You cannot wear boots.
You can spit poison.
You have supernaturally acute eyesight.
Armour fits poorly on your strangely shaped body.
Your system is resistant to poisons.
You cover ground very slowly.


Message History

Aim: an adder (moderately wounded)
The adder is outlined in light.
The adder bites you.
You hit the adder but do no damage.
The adder is moderately wounded.
The adder bites you. x2
You hit the adder.
The adder is heavily wounded.
The adder bites you but does no damage.
You hit the adder.
The adder is severely wounded.
The adder bites you.
* * * LOW HITPOINT WARNING * * *
You are lethally poisoned!
The adder poisons you!
* * * LOW HITPOINT WARNING * * *
You feel sick. The adder bites you.
* * * LOW HITPOINT WARNING * * *
The bond with your blade fades away.
The adder stops glowing.
The adder barely misses you.
You die...

#...........# ##.## #...# .
#...# #.####### #...#
#.......###...#####
#.#.###...S.......#
#.#................
#.#..##.@.........#
#.......###...##### #.......#
#...# #.#..#.## #...# #....#.#
#<..# # ###>##.#.#####.###
#.####........##.<%...#########
##...........####.##.#.#.......#
..........##.###....%..#.##....#


You could see an adder.

Vanquished Creatures
  A giant gecko (D:2)
  2 bats (D:2)
  A giant cockroach (D:2)
  2 hobgoblins (D:1)
  4 jackals (D:1)
  A kobold (D:1)
  2 rats (D:1)
13 creatures vanquished.

Notes
Turn   | Place    | Note
--------------------------------------------------------------
     0 | D:1      | HiobMontag, the Naga Enchanter, began the quest for the Orb.
     0 | D:1      | Reached XP level 1. HP: 15/15 MP: 3/3
   744 | D:1      | Reached XP level 2. HP: 5/22 MP: 0/4
  1104 | D:1      | Learned a level 2 spell: Sure Blade
  1381 | D:2      | HP: 1/22 [adder (2)]
  1384 | D:2      | Succumbed to an adder's poison

Action                   || total
-------------------------++-------
Melee: Dagger            ||    56
 Cast: Corona            ||    19
       Sure Blade        ||     3
  Eat: Chunk             ||     2
